[ AOE2 MATCH · #507210701 ]
UnrankedSicilians vs Koreans
Player's team · LOSS
Rival team · WIN
[ REPLAY ANALYSIS · EXTRACTED FROM THE RECORDED GAME ]
Feudal
10:19
Castle
31:48
Imperial
—
| APM avg | 24.3 |
| APM peak | 84 |
| eAPM avg | 15.1 |
| Villagers / military | 64 / 38 |
Focus
⚔️ 29.5% · 🌾 70.5%
Spearman ×17 · Serjeant ×12 · Petard ×8 · Mangonel ×1
Feudal
10:08
Castle
25:30
Imperial
44:25
| APM avg | 35.8 |
| APM peak | 65 |
| eAPM avg | 17.6 |
| Villagers / military | 124 / 45 |
Focus
⚔️ 22.5% · 🌾 77.5%
Cavalry Archer ×22 · Knight ×7 · Battering Ram ×6 · Militia ×3 · Archer ×2 · Fire Lancer ×2
Match map
Initial resources + every placement click. Lines = walls · curves = elevation contours. ◆ gold · ⬟ stone · ● berries · ✦ relic · ◌ wall gap
Your base· Open — unwalled flank
Giorgi II's base· Open — unwalled flank
Smoothed initial terrain · ◌ = detected wall gap · hover for details
Inputs per minute
— leonardodsg2012 - - Giorgi II
Build order — leonardodsg2012
First 150 of 208 actions detected
| 0:01 | Queue | Villager (Male) |
| 0:01 | Queue | Villager (Male) |
| 0:01 | Queue | Villager (Male) |
| 0:02 | Build | House |
| 0:04 | Build | House |
| 0:15 | Queue | Villager (Male) |
| 1:31 | Queue | Villager (Male) |
| 2:02 | Queue | Villager (Male) |
| 2:25 | Queue | Villager (Male) |
| 2:59 | Queue | Villager (Male) |
| 3:00 | Queue | Villager (Male) |
| 3:29 | Queue | Villager (Male) |
| 3:29 | Queue | Villager (Male) |
| 3:37 | Build | Lumber Camp |
| 3:59 | Queue | Villager (Male) |
| 4:00 | Queue | Villager (Male) |
| 4:11 | Queue | Villager (Male) |
| 4:26 | Build | House |
| 5:18 | Queue | Villager (Male) |
| 5:33 | Build | Mill |
| 5:36 | Queue | Villager (Male) |
| 5:57 | Queue | Villager (Male) |
| 5:59 | Build | House |
| 6:04 | Build | House |
| 6:46 | Queue | Villager (Male) |
| 7:02 | Queue | Villager (Male) |
| 7:44 | Research | Loom |
| 7:48 | Build | Mill |
| 7:57 | Research | Feudal Age |
| 8:42 | Build | Mining Camp |
| 8:47 | Build | Mining Camp |
| 9:12 | Build | Donjon |
| 9:26 | Build | Palisade Wall |
| 9:58 | Build | Palisade Wall |
| 10:15 | Queue | Villager (Male) |
| 10:19 | Age | Feudal Age |
| 10:38 | Build | Stone Wall |
| 10:40 | Build | Stone Wall |
| 10:42 | Build | Stone Wall |
| 10:43 | Build | Stone Wall |
| 10:44 | Build | Stone Wall |
| 10:44 | Build | Stone Wall |
| 10:48 | Build | Palisade Wall |
| 10:49 | Build | Palisade Wall |
| 10:52 | Build | Palisade Gate |
| 11:09 | Build | Donjon |
| 11:14 | Queue | Villager (Male) |
| 11:15 | Queue | Villager (Male) |
| 11:22 | Build | House |
| 11:33 | Build | House |
| 11:39 | Build | House |
| 11:44 | Build | House |
| 11:51 | Build | Palisade Wall |
| 12:05 | Queue | Villager (Male) |
| 12:06 | Queue | Villager (Male) |
| 12:13 | Queue | Villager (Male) |
| 12:26 | Queue | Serjeant |
| 12:41 | Queue | Serjeant |
| 13:11 | Queue | Villager (Male) |
| 13:27 | Queue | Villager (Male) |
| 13:32 | Build | Farm |
| 13:32 | Build | Farm |
| 13:33 | Build | Farm |
| 14:01 | Queue | Villager (Male) |
| 14:19 | Build | Mining Camp |
| 14:40 | Build | Mining Camp |
| 15:03 | Research | Double-Bit Axe |
| 15:04 | Queue | Villager (Male) |
| 15:38 | Build | Donjon |
| 15:44 | Build | House |
| 15:46 | Build | Palisade Wall |
| 15:48 | Build | Palisade Wall |
| 15:50 | Build | Palisade Wall |
| 16:53 | Queue | Villager (Male) |
| 16:53 | Queue | Villager (Male) |
| 17:20 | Build | Farm |
| 17:36 | Build | Donjon |
| 18:11 | Queue | Villager (Male) |
| 18:16 | Build | Mining Camp |
| 18:59 | Queue | Serjeant |
| 19:00 | Queue | Villager (Male) |
| 19:00 | Queue | Villager (Male) |
| 19:22 | Build | Donjon |
| 19:36 | Build | Donjon |
| 19:38 | Build | House |
| 19:39 | Build | House |
| 19:47 | Build | Palisade Wall |
| 19:48 | Build | Palisade Wall |
| 19:49 | Build | Palisade Wall |
| 19:50 | Build | Palisade Wall |
| 19:52 | Build | Palisade Wall |
| 19:53 | Build | Palisade Wall |
| 19:54 | Build | Palisade Wall |
| 19:59 | Queue | Villager (Male) |
| 19:59 | Queue | Villager (Male) |
| 20:32 | Queue | Villager (Male) |
| 21:22 | Queue | Villager (Male) |
| 21:49 | Build | Palisade Wall |
| 21:50 | Build | Palisade Wall |
| 21:54 | Build | Palisade Wall |
| 21:58 | Build | Palisade Wall |
| 22:00 | Build | Palisade Wall |
| 22:02 | Build | Palisade Wall |
| 22:10 | Queue | Villager (Male) |
| 22:10 | Queue | Villager (Male) |
| 22:12 | Build | Farm |
| 22:49 | Build | Farm |
| 22:53 | Build | Outpost |
| 23:01 | Build | Farm |
| 23:02 | Build | Farm |
| 23:21 | Build | Donjon |
| 23:25 | Queue | Villager (Male) |
| 23:28 | Build | Farm |
| 23:29 | Build | Farm |
| 23:39 | Queue | Villager (Male) |
| 23:50 | Build | Market |
| 24:00 | Build | Outpost |
| 24:08 | Build | Outpost |
| 24:10 | Build | Outpost |
| 24:12 | Queue | Villager (Male) |
| 24:15 | Build | Farm |
| 24:20 | Build | Farm |
| 24:27 | Queue | Serjeant |
| 24:33 | Queue | Serjeant |
| 24:43 | Research | Horse Collar |
| 24:43 | Research | Horse Collar |
| 24:53 | Build | House |
| 24:54 | Build | House |
| 24:56 | Build | House |
| 25:03 | Queue | Serjeant |
| 25:15 | Queue | Serjeant |
| 25:28 | Build | Blacksmith |
| 25:42 | Queue | Spearman |
| 25:50 | Queue | Spearman |
| 25:50 | Queue | Spearman |
| 25:53 | Queue | Villager (Male) |
| 26:15 | Research | Forging |
| 26:34 | Queue | Spearman |
| 26:34 | Queue | Spearman |
| 26:40 | Build | Farm |
| 26:43 | Build | Farm |
| 26:44 | Queue | Villager (Male) |
| 27:14 | Research | Scale Mail Armor |
| 27:42 | Queue | Spearman |
| 27:42 | Queue | Spearman |
| 28:00 | Queue | Spearman |
| 28:01 | Queue | Spearman |
| 28:37 | Queue | Villager (Male) |
| 28:44 | Build | Outpost |
| 28:46 | Build | Outpost |
Build order — Giorgi II
First 150 of 291 actions detected
| 0:02 | Queue | Villager (Male) ×4 |
| 0:02 | Queue | Villager (Male) ×4 |
| 0:06 | Build | House |
| 0:09 | Build | House |
| 1:40 | Queue | Villager (Male) |
| 2:00 | Build | House |
| 2:08 | Queue | Villager (Male) |
| 2:08 | Queue | Villager (Male) |
| 2:46 | Queue | Villager (Male) |
| 2:46 | Queue | Villager (Male) |
| 2:47 | Research | Loom |
| 3:24 | Queue | Villager (Male) |
| 3:25 | Queue | Villager (Male) |
| 3:25 | Queue | Villager (Male) |
| 4:03 | Queue | Villager (Male) |
| 4:03 | Queue | Villager (Male) |
| 4:34 | Queue | Villager (Male) |
| 4:34 | Queue | Villager (Male) |
| 5:00 | Queue | Villager (Male) ×4 |
| 5:01 | Queue | Villager (Male) ×4 |
| 5:14 | Queue | Villager (Male) ×2 |
| 5:15 | Queue | Villager (Male) ×2 |
| 5:28 | Build | Lumber Camp |
| 5:50 | Queue | Villager (Male) |
| 5:51 | Queue | Villager (Male) |
| 6:58 | Build | House |
| 7:17 | Build | Mining Camp |
| 7:58 | Research | Feudal Age |
| 9:43 | Queue | Villager (Male) |
| 10:08 | Age | Feudal Age |
| 10:13 | Queue | Villager (Male) |
| 10:19 | Build | Watch Tower |
| 10:40 | Queue | Villager (Male) |
| 10:54 | Build | Stone Wall |
| 10:55 | Build | Stone Wall |
| 10:55 | Build | Stone Wall |
| 10:56 | Build | Stone Wall |
| 10:59 | Build | House |
| 11:03 | Build | Barracks |
| 11:14 | Queue | Villager (Male) |
| 11:41 | Build | Watch Tower |
| 12:05 | Queue | Villager (Male) |
| 12:05 | Queue | Villager (Male) |
| 12:05 | Queue | Villager (Male) |
| 13:04 | Build | Watch Tower |
| 13:12 | Build | Stone Wall |
| 13:13 | Build | Stone Wall |
| 13:14 | Build | Stone Wall |
| 13:15 | Build | Stone Wall |
| 13:16 | Build | Stone Wall |
| 14:02 | Queue | Villager (Male) |
| 14:03 | Queue | Villager (Male) |
| 14:15 | Build | Mining Camp |
| 14:23 | Build | Watch Tower |
| 14:31 | Build | House |
| 14:48 | Build | Mill |
| 14:50 | Queue | Villager (Male) |
| 14:59 | Build | Stone Wall |
| 15:00 | Build | Stone Wall |
| 15:01 | Build | Stone Wall |
| 15:06 | Build | House |
| 15:39 | Build | Watch Tower |
| 15:47 | Build | Watch Tower |
| 16:11 | Build | Market |
| 16:41 | Queue | Villager (Male) |
| 16:55 | Build | Stone Wall |
| 17:32 | Queue | Villager (Male) |
| 17:32 | Queue | Villager (Male) |
| 18:04 | Queue | Militia |
| 18:07 | Queue | Villager (Male) |
| 18:24 | Build | Archery Range |
| 18:29 | Queue | Villager (Male) |
| 19:06 | Build | Watch Tower |
| 19:12 | Research | Horse Collar |
| 19:13 | Research | Double-Bit Axe |
| 19:20 | Queue | Villager (Male) |
| 19:37 | Build | Stone Wall |
| 19:39 | Queue | Militia |
| 19:40 | Queue | Militia |
| 19:46 | Queue | Villager (Male) |
| 19:53 | Build | Farm |
| 19:54 | Build | Farm |
| 19:55 | Build | Farm |
| 19:56 | Build | Farm |
| 19:58 | Build | Farm |
| 20:11 | Build | Farm |
| 20:13 | Queue | Villager (Male) |
| 20:22 | Build | House |
| 20:25 | Build | Stone Wall |
| 20:39 | Queue | Archer |
| 20:56 | Queue | Villager (Male) |
| 21:19 | Build | Farm |
| 21:20 | Build | Farm |
| 21:21 | Build | Farm |
| 21:53 | Build | Blacksmith |
| 22:32 | Build | Lumber Camp |
| 22:50 | Research | Castle Age |
| 23:25 | Research | Fletching |
| 23:34 | Build | Stable |
| 23:43 | Build | Farm |
| 23:52 | Build | Watch Tower |
| 24:01 | Build | House |
| 24:16 | Research | Gold Mining |
| 24:26 | Build | Farm |
| 24:29 | Queue | Scout Cavalry |
| 24:38 | Queue | Archer |
| 25:00 | Research | Forging |
| 25:30 | Age | Castle Age |
| 25:32 | Queue | Knight |
| 25:37 | Build | Siege Workshop |
| 25:44 | Research | Bow Saw |
| 25:53 | Queue | Villager (Male) |
| 26:14 | Queue | Knight |
| 26:27 | Queue | Battering Ram |
| 26:39 | Queue | Knight |
| 26:41 | Queue | Villager (Male) |
| 26:41 | Queue | Villager (Male) |
| 26:58 | Build | Town Center |
| 27:14 | Queue | Knight |
| 27:21 | Queue | Villager (Male) |
| 27:53 | Queue | Villager (Male) |
| 27:53 | Queue | Villager (Male) |
| 28:21 | Queue | Battering Ram |
| 28:38 | Queue | Knight |
| 28:40 | Queue | Villager (Male) |
| 28:41 | Queue | Villager (Male) |
| 28:45 | Build | Farm |
| 28:46 | Build | Farm |
| 28:47 | Build | Farm |
| 28:47 | Build | Farm |
| 28:48 | Build | Farm |
| 28:59 | Build | Watch Tower |
| 29:03 | Queue | Cavalry Archer |
| 29:10 | Queue | Villager (Male) ×2 |
| 29:10 | Queue | Villager (Male) ×2 |
| 29:19 | Build | Farm |
| 29:30 | Build | House |
| 29:30 | Build | House |
| 29:31 | Build | House |
| 29:35 | Queue | Villager (Male) |
| 29:35 | Queue | Villager (Male) |
| 29:49 | Queue | Battering Ram |
| 29:54 | Build | Farm |
| 29:57 | Queue | Villager (Male) ×3 |
| 29:57 | Queue | Villager (Male) ×3 |
| 30:13 | Build | Mining Camp |
| 30:32 | Queue | Knight |
| 30:37 | Build | House |
| 30:37 | Build | House |
| 30:38 | Build | House |
Match timeline
| 9:12 | leonardodsg2012 · first_building Donjon |
| 9:26 | leonardodsg2012 · wall_segment Palisade Wall x1 |
| 9:58 | leonardodsg2012 · wall_segment Palisade Wall x1 |
| 10:08 | Giorgi II · age_up feudal |
| 10:19 | leonardodsg2012 · age_up feudal |
| 10:38 | leonardodsg2012 · wall_segment Stone Wall x4 |
| 10:40 | leonardodsg2012 · wall_segment Stone Wall x3 |
| 10:42 | leonardodsg2012 · wall_segment Stone Wall x4 |
| 10:43 | leonardodsg2012 · wall_segment Stone Wall x1 |
| 10:44 | leonardodsg2012 · wall_segment Stone Wall x1 |
| 10:44 | leonardodsg2012 · wall_segment Stone Wall x1 |
| 10:48 | leonardodsg2012 · wall_segment Palisade Wall x1 |
| 10:49 | leonardodsg2012 · wall_segment Palisade Wall x1 |
| 10:54 | Giorgi II · wall_segment Stone Wall x1 |
| 10:55 | Giorgi II · wall_segment Stone Wall x1 |
| 10:55 | Giorgi II · wall_segment Stone Wall x1 |
| 10:56 | Giorgi II · wall_segment Stone Wall x1 |
| 11:03 | Giorgi II · first_building Barracks |
| 11:51 | leonardodsg2012 · wall_segment Palisade Wall x1 |
| 13:12 | Giorgi II · wall_segment Stone Wall x1 |
| 13:13 | Giorgi II · wall_segment Stone Wall x1 |
| 13:14 | Giorgi II · wall_segment Stone Wall x1 |
| 13:15 | Giorgi II · wall_segment Stone Wall x1 |
| 13:16 | Giorgi II · wall_segment Stone Wall x1 |
| 14:59 | Giorgi II · wall_segment Stone Wall x1 |
| 15:00 | Giorgi II · wall_segment Stone Wall x1 |
| 15:01 | Giorgi II · wall_segment Stone Wall x1 |
| 15:46 | leonardodsg2012 · wall_segment Palisade Wall x1 |
| 15:48 | leonardodsg2012 · wall_segment Palisade Wall x1 |
| 15:50 | leonardodsg2012 · wall_segment Palisade Wall x1 |
| 16:55 | Giorgi II · wall_segment Stone Wall x1 |
| 17:35 | Giorgi II · first_market_buy 100 food |
| 18:24 | Giorgi II · first_building Archery Range |
| 19:37 | Giorgi II · wall_segment Stone Wall x1 |
| 19:47 | leonardodsg2012 · wall_segment Palisade Wall x1 |
| 19:48 | leonardodsg2012 · wall_segment Palisade Wall x1 |
| 19:49 | leonardodsg2012 · wall_segment Palisade Wall x1 |
| 19:50 | leonardodsg2012 · wall_segment Palisade Wall x1 |
| 19:52 | leonardodsg2012 · wall_segment Palisade Wall x1 |
| 19:53 | leonardodsg2012 · wall_segment Palisade Wall x1 |
| 19:54 | leonardodsg2012 · wall_segment Palisade Wall x1 |
| 20:25 | Giorgi II · wall_segment Stone Wall x1 |
| 21:49 | leonardodsg2012 · wall_segment Palisade Wall x1 |
| 21:50 | leonardodsg2012 · wall_segment Palisade Wall x1 |
| 21:54 | leonardodsg2012 · wall_segment Palisade Wall x1 |
| 21:58 | leonardodsg2012 · wall_segment Palisade Wall x1 |
| 22:00 | leonardodsg2012 · wall_segment Palisade Wall x1 |
| 22:02 | leonardodsg2012 · wall_segment Palisade Wall x1 |
| 22:47 | Giorgi II · first_market_sell 100 stone |
| 23:34 | Giorgi II · first_building Stable |
| 25:09 | leonardodsg2012 · first_market_buy 100 food |
| 25:24 | leonardodsg2012 · first_market_sell 100 stone |
| 25:30 | Giorgi II · age_up castle |
| 25:37 | Giorgi II · first_building Siege Workshop |
| 29:53 | leonardodsg2012 · wall_segment Palisade Wall x1 |
| 30:34 | leonardodsg2012 · wall_segment Palisade Wall x1 |
| 31:48 | leonardodsg2012 · age_up castle |
| 32:02 | leonardodsg2012 · first_building Castle |
| 32:15 | leonardodsg2012 · wall_segment Palisade Wall x1 |
| 32:50 | leonardodsg2012 · wall_segment Palisade Wall x1 |
| 34:12 | Giorgi II · first_building Monastery |
| 36:08 | leonardodsg2012 · first_building Siege Workshop |
| 38:47 | Giorgi II · first_building Castle |
| 44:25 | Giorgi II · age_up imperial |
| 44:31 | leonardodsg2012 · resign |
[ AI ANALYSIS · 1 CREDIT ]
What really happened in this match?
Wolo.gg analyzes every decision: build order, eco, micro, common mistakes by bracket. Personalized analysis on WhatsApp or Discord in 30 seconds.
Civ guide
Sicilians
Perfil
leonardodsg2012